 Dungeon Crawl Stone Soup version 0.20.0-15-g7f486f2 (webtiles) character file.

629 vatarom the Conjurer (level 7, -3/36 HPs)
             Began as a Tengu Air Elementalist on June 10, 2017.
             Slain by a centaur
             ... wielding a +0 spear
              (8 damage)
             ... on level 6 of the Dungeon on June 11, 2017.
             The game lasted 00:13:35 (5078 turns).

vatarom the Conjurer (Tengu Air Elementalist)       Turns: 5078, Time: 00:13:36

Health: -3/36      AC:  3    Str:  9    XL:     7   Next: 48%
Magic:  12/12      EV: 13    Int: 17    God:
Gold:   149        SH:  0    Dex: 16    Spells: 1/11 levels left

rFire    . . .     SeeInvis .   e - +0 short sword
rCold    . . .     Gourm    .   (no shield)
rNeg     . . .     Faith    .   a - +0 robe
rPois    +         Spirit   .   (helmet restricted)
rElec    .         Reflect  .   o - scarf {cloud immunity}
rCorr    .         Harm     .   k - +0 pair of gloves
MR       .....                  (boots unavailable)
Stlth    +.........             (no amulet)
Regen    0.2/turn               i - ring of loudness (curse)
MPRegen  0.2/turn               j - ring of poison resistance

@: confused
A: beak, talons 3, thin skeletal structure 1, able to fly 1, sturdy frame 1
a: Fly


You were on level 6 of the Dungeon.
You were very full.

You visited 1 branch of the dungeon, and saw 6 of its levels.
You also visited: Sewer.

You collected 149 gold pieces.

Inventory:

Hand Weapons
 e - a +0 short sword (weapon)
Armour
 a - a +0 robe (worn)
 k - a +0 pair of gloves (worn)
 o - a scarf of cloud immunity (worn)
Jewellery
 i - a cursed ring of loudness (left hand)
 j - a ring of poison resistance (right hand)
Scrolls
 c - a scroll of fear
 f - 2 scrolls of remove curse
 l - a scroll of enchant weapon
 p - 2 scrolls of fog
 r - a scroll of enchant armour {unknown}
 u - a scroll of identify
Potions
 g - a potion of brilliance
 h - 2 potions of flight
 m - 2 potions of magic
Books
 b - a book of Air

   Spells                             Type                      Level
   a - Shock                          Conjuration/Air              1
   b - Swiftness                      Charms/Air                   2
   c - Static Discharge               Conjuration/Air              3
   d - Airstrike                      Air                          4
   e - Lightning Bolt                 Conjuration/Air              5
Comestibles
 d - 4 royal jellies
 s - a meat ration


   Skills:
 - Level 2.1 Dodging
 - Level 2.0 Stealth
 * Level 2.7 Spellcasting
 - Level 7.7 Conjurations
 + Level 7.4 Air Magic


You had one spell level left.
You knew the following spells:

 Your Spells              Type           Power        Failure   Level  Hunger
a - Shock                 Conj/Air       ####         1%          1    #......
b - Swiftness             Chrm/Air       ##......     6%          2    ##.....
c - Static Discharge      Conj/Air       ####....     2%          3    ###....
d - Airstrike             Air            ####......   9%          4    #####..


Dungeon Overview and Level Annotations

Branches:
Dungeon (5/15)
 Temple: D:4-7

Altars:
Ashenzari
Dithmenos
Hepliaklqana
Nemelex Xobeh
Qazlal
Ru

Annotations:
D:4 ad3pt's ghost, novice GrBe


Innate Abilities, Weirdness & Mutations

You have a beak for a mouth.
You have claws for feet.
You can fly.
You have a somewhat thin skeletal structure. (Dex +2, Stealth)
Your movements are slightly less encumbered by armour. (ER -2)


Message History

The centaur shouts!
The centaur unwields an uncursed spear.
The centaur wields a shortbow.
The centaur shoots an arrow.
The arrow hits you!
* * * LOW HITPOINT WARNING * * *
You see here an arrow.
Casting: Airstrike
Confirm with . or Enter, or press ? or * to list all spells.
You don't know that spell.
You feel better.
The centaur unwields an uncursed shortbow.
The centaur wields an uncursed spear.
The centaur hits you with an uncursed spear.
The centaur hits you but does no damage.
You are confused.
You feel invigorated.
The centaur hits you with an uncursed spear.
The centaur hits you with an uncursed spear!
* * * LOW HITPOINT WARNING * * *
The centaur hits you with an uncursed spear!
You die...

## #§## #.§.# .#...####
####.§§§ ##....)..#
###....§§§§
#..!.....###...(@c§P§§
#........)........§Z§§P
#...o....####...####§§.
#........ ##### .
#.....o)# #.......# #
#......## ##. ##....#
#.) #..... ##Z#


You could see a centaur and a giant cockroach zombie (wandering).

Vanquished Creatures
  Sigmund (D:3)
  A phantom (D:4)
  2 hounds
  A jelly (D:6)
  A hound skeleton (D:4)
  8 gnolls (D:2)
  8 adders
  A river rat (Sewer)
  2 oozes (Sewer)
  An adder skeleton (D:4)
  4 worms
  3 leopard geckos (D:3)
  8 orcs
  2 ball pythons (Sewer)
  7 giant cockroaches
  10 goblins
  5 hobgoblins
  3 jackals (D:4)
  9 kobolds
  A quokka (D:3)
  7 bats
  4 frilled lizards
  A leopard gecko skeleton (D:4)
  A quokka zombie (D:3)
  15 rats
106 creatures vanquished.

Notes
Turn   | Place    | Note
-------+----------+-------------------------------------------
     0 | D:1      | vatarom the Tengu Air Elementalist began the quest for the Orb.
     0 | D:1      | Reached XP level 1. HP: 10/10 MP: 4/4
   596 | D:1      | Reached XP level 2. HP: 15/15 MP: 4/6
   723 | D:1      | Learned a level 2 spell: Swiftness
  1040 | D:2      | Reached XP level 3. HP: 19/19 MP: 2/7
  1069 | D:2      | Reached skill level 5 in Air Magic
  1069 | D:2      | Reached XP level 4. HP: 13/24 MP: 0/8
  1197 | D:2      | Learned a level 3 spell: Static Discharge
  1260 | D:2      | Gained mutation: You have a somewhat thin skeletal structure. (Dex +2, Stealth) [potion of mutation]
  1260 | D:2      | Gained mutation: Your movements are slightly less encumbered by armour. (ER -2) [potion of mutation]
  1512 | D:2      | Found a stormy altar of Qazlal.
  1512 | D:2      | Found a sparkling altar of Nemelex Xobeh.
  1512 | D:2      | Found a shadowy altar of Dithmenos.
  1523 | D:2      | Gained mutation: You can fly. [Tengu growth]
  1523 | D:2      | Reached XP level 5. HP: 26/28 MP: 1/9
  1594 | D:2      | Found a hazy altar of Hepliaklqana.
  1594 | D:2      | Found a sacrificial altar of Ru.
  1595 | D:2      | Found a shattered altar of Ashenzari.
  1635 | D:2      | Found a faded altar of an unknown god.
  2140 | D:3      | Reached skill level 5 in Conjurations
  2527 | D:3      | Found a glowing drain.
  2544 | Sewer    | Entered a sewer
  2958 | Sewer    | Reached XP level 6. HP: 32/32 MP: 6/10
  3351 | D:3      | Noticed Sigmund
  3370 | D:3      | Killed Sigmund
  3858 | D:4      | Noticed a phantom
  3876 | D:4      | Killed a phantom
  3876 | D:4      | Reached XP level 7. HP: 33/36 MP: 0/11
  3983 | D:4      | Noticed ad3pt's ghost (novice GrBe)
  4158 | D:4      | Learned a level 4 spell: Airstrike
  4910 | D:5      | Entered Level 5 of the Dungeon
  4919 | D:5      | You fall through a shaft!
  5078 | D:6      | Slain by a centaur

Skill      XL: |  1  2  3  4  5  6 |
---------------+-------------------+-----
Conjurations   | 2 3 4 6 7 |  7.7
Air Magic      | 5 6 7 |  7.4
Dodging        | |  2.1
Stealth        | |  2.0
Spellcasting   | |  2.7

Action                   |  1- 3 |  4- 6 |  7- 9 || total
-------------------------+-------+-------+-------++-------
Melee: Short sword       |     2 |     9 |     9 ||    20
       Peck              |     1 |     1 |     1 ||     3
       Kick              |       |     3 |     3 ||     6
 Cast: Shock             |    38 |   147 |    37 ||   222
       Static Discharge  |       |     8 |     4 ||    12
       Airstrike         |       |       |     9 ||     9
       Swiftness         |       |       |     2 ||     2
  Use: Scroll            |     6 |     3 |     2 ||    11
       Potion            |     1 |     4 |     2 ||     7
  Eat: Chunk             |     1 |    11 |     1 ||    13
       Bread ration      |       |     1 |     2 ||     3
Armor: Robe              |     1 |     3 |     2 ||     6
Dodge: Dodged            |     4 |    24 |     9 ||    37
